 Dungeon Crawl Stone Soup version 0.26-a0-362-g1d9a9cd4fa (webtiles) character file.

Game seed: 2222952712753137289

58 MrRokkomies the Firebug (level 3, -2/19 HPs)
             Began as a Deep Elf Fire Elementalist on July 18, 2020.
             Slain by a worker ant (6 damage)
             ... on level 3 of the Dungeon.
             The game lasted 00:07:00 (1982 turns).

MrRokkomies the Firebug (DEFE)                      Turns: 1982, Time: 00:07:00

Health: -2/19      AC:  1    Str:  6    XL:     3   Next: 76%
Magic:  4/9        EV: 13    Int: 19    God:
Gold:   143        SH:  0    Dex: 15    Spells: 4/8 levels left

rFire    . . .     SeeInvis .   i - +2 whip (vamp)
rCold    . . .     Faith    .   (no shield)
rNeg     . . .     Spirit   .   a - +0 robe
rPois    .         Reflect  .   c - -2 helmet (curse)
rElec    .         Harm     .   (no cloak)
rCorr    .                      (no gloves)
MR       .....                  (no boots)
Stlth    ++........             (no amulet)
HPRegen  0.06/turn              (no ring)
MPRegen  0.11/turn              (no ring)

@: no status effects
A: no striking features
a: no special abilities


You were on level 3 of the Dungeon.
You visited 1 branch of the dungeon, and saw 3 of its levels.

You collected 143 gold pieces.

Inventory:

Hand Weapons
 g - a +0 mace
 i - a +2 vampiric whip (weapon)
Missiles
 d - a throwing net (quivered)
Armour
 a - a +0 robe (worn)
 c - a cursed -2 helmet (worn)
Scrolls
 e - a scroll of random uselessness {unknown}
Potions
 b - 2 potions of lignification
 f - a potion of curing
 h - a potion of berserk rage
 j - a potion of brilliance {unknown}


   Skills:
 + Level 3.1 Dodging
 - Level 2.4 Stealth
 - Level 3.0 Spellcasting
 * Level 2.6 Conjurations
 * Level 4.2 Fire Magic


You had 4 spell levels left.
You knew the following spells:

 Your Spells              Type           Power        Failure   Level
a - Foxfire               Conj/Fire      ###.         3%          1
b - Conjure Flame         Conj/Fire      ###.....     11%         3

Your spell library contained the following spells:

 Spells                   Type           Power        Failure   Level
 Inner Flame              Hex/Fire       ##......     19%         3
 Sticky Flame             Conj/Fire      ###.....     36%         4
 Fireball                 Conj/Fire      ###.......   71%         5


Dungeon Overview and Level Annotations

Branches:
Dungeon (3/15)

Altars:
Elyvilon


Message History

The worker ant bites you.
The foxfire hits the worker ant but does no damage.
The worker ant is severely wounded.
The foxfire hits the worker ant.
The worker ant is severely wounded.
The worker ant closely misses you.
You hit the worker ant but do no damage.
The worker ant is severely wounded.
The worker ant barely misses you.
You closely miss the worker ant.
The worker ant is severely wounded.
The worker ant barely misses you.
You hit the worker ant.
You feel better.
The worker ant is severely wounded.
The worker ant bites you. x2
* * * LOW HITPOINT WARNING * * *
You hit the worker ant.
You feel better.
The worker ant is almost dead.
The worker ant bites you.
You die...

######...# #...# #
#...# ####. #...#
.....##### #...#
.........# ###.#
.........#######.#
.........'.......#
.......a@#########
.........#
....!....#
.........#
.........#
...$......
..........
..........#


You could see a worker ant.

Vanquished Creatures
  An adder (D:3)
  2 worms (D:2)
  2 ball pythons (D:2)
  6 bats
  3 giant cockroaches (D:1)
  2 goblins
  4 hobgoblins
  3 jackals (D:1)
  6 kobolds
  A quokka (D:3)
  5 frilled lizards
  7 rats
42 creatures vanquished.

Vanquished Creatures (others)
  97 foxfires
97 creatures vanquished.

Grand Total: 139 creatures vanquished

Notes
Turn   | Place    | Note
-------+----------+-------------------------------------------
     0 | D:1      | MrRokkomies the Deep Elf Fire Elementalist began the quest
                  | for the Orb.
     0 | D:1      | Reached XP level 1. HP: 10/10 MP: 6/6
   192 | D:1      | Reached XP level 2. HP: 15/15 MP: 4/8
  1091 | D:2      | Reached XP level 3. HP: 19/19 MP: 7/9
  1203 | D:2      | Found a white marble altar of Elyvilon.
  1364 | D:2      | Reached skill level 4 in Fire Magic
  1414 | D:2      | Learned a level 3 spell: Conjure Flame
  1851 | D:3      | Found a faded altar of an unknown god.
  1982 | D:3      | Slain by a worker ant

Illustrated notes

Levels and vault maps discovered:
D:1:      onia_arrival_pentagram, layout_loops_ring, st_stairs_5,
          minmay_pentomino_w2
D:2:      layout_basic, elyvilon_altar_3
D:3:      layout_basic, lemuel_round_altar, chequers_ecumenical_altar_simple

Skill      XL: |  1  2  3 |
---------------+----------+-----
Conjurations   | 2 |  2.6
Fire Magic     | 4 |  4.2
Dodging        | 3 |  3.1
Stealth        | |  2.4
Spellcasting   | |  3.0

Action                   || total
-------------------------++-------
Melee: Unarmed           ||     6
       Whip              ||    37
 Cast: Foxfire           ||    62
  Use: Scroll            ||     6
 Stab: Sleeping          ||     1
Armor: Robe              ||     6
Dodge: Dodged            ||    38

Table legend:
 A = Non-vault XP
 B = Vault XP
 C = Vault XP percentage of total XP
 D = Non-vault monster count
 E = Vault monster count
 F = Vault count percentage of total count
                 A         B        C        D         E       F
            +---------+---------+-------+---------+---------+-------
      Total |      82 |       2 |   2.4 |      40 |       2 |   4.8
            +---------+---------+-------+---------+---------+-------
        D:1 |      28 |       2 |   6.7 |      17 |       2 |  10.5
        D:2 |      31 |       0 |   0.0 |      16 |       0 |   0.0
        D:3 |      23 |       0 |   0.0 |       7 |       0 |   0.0
            +---------+---------+-------+---------+---------+-------
